 Dungeon Crawl Stone Soup version 0.30-b1-2-g02819fbbbe (webtiles) character file.

Game seed: 4797525418980087183

3943 magipi the Geomancer (level 10, -4/59 HPs)
             Began as a Gargoyle Earth Elementalist on May 28, 2023.
             Was a Follower of Vehumet.
             Slain by a killer bee (7 damage)
             ... on level 7 of the Dungeon.
             The game lasted 00:27:33 (8032 turns).

magipi the Geomancer (Gargoyle Earth Elementalist)  Turns: 8032, Time: 00:27:34

Health: -4/59      AC: 12    Str: 12    XL:     10   Next: 21%
Magic:  11/19      EV: 13    Int: 20    God:    Vehumet [*.....]
Gold:   524        SH:  0    Dex: 10    Spells: 15/21 levels left

rFire   . . .        a - +2 dagger (speed)
rCold   + . .        (no shield)
rNeg    + . .        C - +1 robe {rC+}
rPois   ∞            e - +1 helmet
rElec   +            (no cloak)
rCorr   .            (no gloves)
SInv    +            (no boots)
Will    .....        (no amulet)
Stlth   ++           i - ring of see invisible
HPRegen 0.29/turn    (no ring)
MPRegen 0.16/turn

%: no passive effects
@: no status effects
A: sickness immunity, AC +7, negative energy resistance 1, electricity
resistance, torment resistance 1, petrification resistance
a: Renounce Religion


You were on level 7 of the Dungeon.
You worshipped Vehumet.
Vehumet was aware of your devotion.
You visited 2 branches of the dungeon, and saw 9 of its levels.

You collected 524 gold pieces.

Inventory:

Hand Weapons
 a - a +2 dagger of speed (weapon)
   (You took it off a goblin on level 1 of the Dungeon)
 b - a +2 spear of venom
   (You found it on level 1 of the Dungeon)
Missiles
 r - 2 javelins
 y - a throwing net
Armour
 e - a +1 helmet (worn)
   (You found it on level 1 of the Dungeon)
 C - a +1 robe of cold resistance (worn)
   (You took it off an orc wizard on level 7 of the Dungeon)
 E - +0 steam dragon scales
   (You found it on level 8 of the Dungeon)
Jewellery
 i - a ring of see invisible (left hand)
   (You found it on level 4 of the Dungeon)
Wands
 s - a wand of paralysis (11)
   (You took it off Ijyb on level 3 of the Dungeon)
Scrolls
 g - a scroll of enchant armour
 j - 2 scrolls of magic mapping
 l - 5 scrolls of identify {unknown}
 o - 2 scrolls of amnesia {unknown}
 p - a scroll of teleportation {unknown}
 q - 2 scrolls of blinking {unknown}
 u - a scroll of butterflies {unknown}
 B - a scroll of immolation {unknown}
Potions
 f - 5 potions of magic
 m - 4 potions of brilliance {unknown}
 n - 2 potions of ambrosia {unknown}
 t - a potion of flight {unknown}
 v - 2 potions of curing {unknown}
 w - a potion of experience {unknown}
 x - 3 potions of might {unknown}
 z - a potion of lignification {unknown}
 A - a potion of mutation {unknown}
 D - a potion of degeneration {unknown}
 F - a potion of attraction {unknown}


   Skills:
 + Level 5.3 Fighting
 + Level 4.4 Dodging
 - Level 2.1 Stealth
 - Level 6.0 Spellcasting
 - Level 8.0 Conjurations
 - Level 2.0 Transmutations
 - Level 10.0 Earth Magic


You had 15 spell levels left.
You knew the following spells:

 Your Spells              Type           Power      Damage    Failure   Level
a - Sandblast             Erth           92%        2d19      1%          1
s - Stone Arrow           Conj/Erth      84%        3d12      1%          3
w - Passwall              Tmut/Erth      25%        N/A       1%          2

Your spell library contained the following spells:

 Spells                   Type           Power      Damage    Failure   Level
 Shock                    Conj/Air       88%        1d8       1%          1
 Dazzling Flash           Conj/Hex       44%        N/A       6%          3
 Petrify                  Tmut/Erth      30%        N/A       9%          4
 Slow                     Hex            24%        N/A       11%         1
 Leda's Liquefaction      Hex/Erth       13%        N/A       13%         4
 Iskenderun's Mystic Bla  Conj/Tloc      22%        2d6       21%         4
 Call Canine Familiar     Summ           6%         N/A       30%         3
 Confusing Touch          Hex            6%         N/A       30%         3
 Ozocubu's Armour         Ice            6%         N/A       30%         3
 Portal Projectile        Hex/Tloc       12%        N/A       30%         3
 Vampiric Draining        Necr           6%         2d6       30%         3
 Volatile Blastmotes      Fire/Tloc      12%        2d11      30%         3
 Irradiate                Conj/Tmut      13%        3d16      36%         5
 Metabolic Englaciation   Hex/Ice        3%         N/A       96%         5
 Starburst                Conj/Fire      11%        6d5       97%         6
 Simulacrum               Ice/Necr       3%         N/A       100%        6
 Sublimation of Blood     Necr           Unusable   N/A       N/A         2

Dungeon Overview and Level Annotations

Branches:
Dungeon (8/15)             Temple (1/1) D:5
   Lair: D:8-11

Altars:
Ashenzari
Elyvilon
Fedhas
Gozag
Hepliaklqana
Kikubaaqudgha
Makhleb
Nemelex Xobeh
Okawaru
Qazlal
Ru
Sif Muna
Trog
Uskayaw
Vehumet
Wu Jian
Xom
Yredelemnul
Zin
The Shining One


Innate Abilities, Weirdness & Mutations

You are immune to sickness and miasma.
Your stone body is resilient. (AC +7)
You are immune to poison.
You resist negative energy. (rN+)
You are resistant to electric shocks. (rElec)
You are resistant to unholy torment.
You are immune to petrification.


Message History

The blast of sand hits the killer bee!!
You kill the killer bee!
Vehumet accepts your kill. The killer bee misses you.
The killer bee stings you.
* * * LOW HITPOINT WARNING * * *
The killer bee misses you. The killer bee closely misses you.
The killer bee stings you but does no damage.
The killer bee closely misses you.
Unknown command.
Unknown command.
Okay, then.
Unknown command.
Casting: Sandblast (safe; 1% risk of failure)
Confirm with . or Enter, or press ? or * to list all spells.
Aiming: Sandblast (safe; 1% risk of failure)
Press: ? - help, Shift-Dir - straight line, f - killer bee
Aim: a killer bee (69% to hit)
The blast of sand misses the killer bee.
The killer bee closely misses you.
The killer bee stings you but does no damage.
The killer bee closely misses you.
The killer bee stings you but does no damage.
The killer bee closely misses you. The killer bee stings you.
* * * LOW HITPOINT WARNING * * *
Unknown command.
Unknown command.
Casting: Sandblast (safe; 1% risk of failure)
Confirm with . or Enter, or press ? or * to list all spells.
Aiming: Sandblast (safe; 1% risk of failure)
Press: ? - help, Shift-Dir - straight line, f/p - killer bee
Aim: a killer bee (69% to hit)
The blast of sand hits the killer bee!!
You kill the killer bee!
Vehumet accepts your kill. The killer bee stings you.
* * * LOW HITPOINT WARNING * * *
The killer bee stings you.
* * * LOW HITPOINT WARNING * * *
The killer bee stings you!
You die...

...#.......#...#.........#
...#.......#...#......#..#
...#.......#...######.####
...#'####..##..#......#
<..#..###..##..#......#
...#...........#......#
...#...........'......#
...#...........#.†....#
...#...........#@.....####
...#..........[#y†....#..#
...#...........'......#..#
...#...........#......'..#
...#......(###'#......#..#
...#.......#.....######..#
...#...##..#.....#.......#
...#...##..#.....#.......#
...'...#...#.....#.......#


You could see a killer bee.

Vanquished Creatures
  Pikel (D:5)
  Grinder (D:5)
  A wyvern (D:7)
  A steam dragon (D:8)
  Menkaure (D:6)
  2 water moccasins (D:7)
  3 ice beasts (D:6)
  A black bear (D:5)
  A sky beast (D:8)
  A centaur (D:7)
  2 bullfrogs (D:7)
  A kobold brigand (D:6)
  A gnoll sergeant (D:6)
  3 scorpions
  5 wights (D:7)
  12 killer bees
  2 howler monkeys
  3 jellies
  4 hounds
  An orc priest (D:7)
  Terence (D:2)
  Natasha (thrice) (D:2)
  2 iguanas
  An orc wizard (D:7)
  Ijyb (D:3)
  16 gnolls
  13 adders
  A shadow imp (D:5)
  2 white imps
  14 dart slugs
  13 orcs
  9 ball pythons
  5 endoplasms
  5 giant cockroaches
  6 goblins
  9 hobgoblins
  6 jackals
  12 kobolds
  4 quokkas
  6 bats
  8 frilled lizards
  5 rats
189 creatures vanquished.

Vanquished Creatures (others)
  4 plants
4 creatures vanquished.

Grand Total: 193 creatures vanquished

Notes
Turn   | Place    | Note
-------+----------+-------------------------------------------
     0 | D:1      | magipi the Gargoyle Earth Elementalist began the quest for
                  | the Orb.
     0 | D:1      | Reached XP level 1. HP: 10/10 MP: 3/3
    86 | D:1      | Reached skill level 1 in Transmutations
    95 | D:1      | Reached XP level 2. HP: 15/15 MP: 1/5
   116 | D:1      | Reached skill level 4 in Earth Magic
   449 | D:1      | Reached XP level 3. HP: 18/19 MP: 2/6
   452 | D:1      | Learned a level 2 spell: Passwall
   456 | D:1      | Learned a level 3 spell: Stone Arrow
   803 | D:1      | Reached skill level 1 in Conjurations
   803 | D:1      | Reached XP level 4. HP: 7/24 MP: 1/7
  1201 | D:2      | Noticed Natasha
  1207 | D:2      | Killed Natasha
  1208 | D:2      | Reached XP level 5. HP: 26/28 MP: 3/9
  1389 | D:2      | Noticed Natasha
  1393 | D:2      | Killed Natasha
  1563 | D:2      | Noticed Terence
  1573 | D:2      | Killed Terence
  1574 | D:2      | Reached skill level 5 in Earth Magic
  1769 | D:2      | Noticed Natasha
  1779 | D:2      | Killed Natasha
  2000 | D:3      | Reached XP level 6. HP: 32/32 MP: 6/10
  2779 | D:3      | Noticed Ijyb
  2786 | D:3      | Paralysed by Ijyb for 2 turns
  2791 | D:3      | Killed Ijyb
  3732 | D:5      | Entered Level 5 of the Dungeon
  3796 | D:5      | Reached skill level 6 in Earth Magic
  3796 | D:5      | Reached XP level 7. HP: 27/36 MP: 5/12
  3977 | D:5      | Noticed Grinder
  3985 | D:5      | Killed Grinder
  3986 | D:5      | Reached skill level 5 in Conjurations
  4053 | D:5      | Reached skill level 7 in Earth Magic
  4116 | D:5      | Found a blossoming altar of Fedhas.
  4251 | D:5      | Found a staircase to the Ecumenical Temple.
  4256 | Temple   | Entered the Ecumenical Temple
  4435 | D:5      | Reached XP level 8. HP: 41/41 MP: 2/14
  4666 | D:5      | Noticed Pikel
  4671 | D:5      | Killed Pikel
  4672 | D:5      | Reached skill level 8 in Earth Magic
  4672 | D:5      | Reached skill level 9 in Earth Magic
  5371 | D:6      | Reached skill level 10 in Earth Magic
  5371 | D:6      | Reached XP level 9. HP: 45/45 MP: 10/15
  5552 | D:6      | Found an opulent altar of Gozag.
  5664 | D:6      | Found a white marble altar of Elyvilon.
  5665 | D:6      | Found a shimmering altar of Xom.
  5671 | D:6      | Reached skill level 5 in Spellcasting
  5727 | D:6      | Found a broken altar of Ashenzari.
  5928 | D:6      | Noticed Menkaure
  5932 | D:6      | Killed Menkaure
  6494 | D:7      | Found a hide-covered altar of Uskayaw.
  6500 | D:7      | Found a radiant altar of Vehumet.
  6504 | D:7      | Became a worshipper of Vehumet
  6935 | D:7      | Reached skill level 1 in Fighting
  7442 | D:7      | Reached XP level 10. HP: 58/58 MP: 15/19
  7702 | D:7      | Reached * piety under Vehumet
  7702 | D:7      | Offered knowledge of Shock by Vehumet.
  7775 | D:8      | Reached skill level 5 in Fighting
  8032 | D:7      | Slain by a killer bee

Illustrated notes

Levels and vault maps discovered:
D:1:      lemuel_arrival_muddy, layout_rooms
D:2:      layout_basic, uniq_natasha, uniq_terence
D:3:      layout_basic, minmay_unequal, uniq_ijyb
D:4:      kennysheep_slugbush, layout_basic, grunt_ministairs_9
D:5:      nicolae_cairo_tiling, layout_basic,
          mainiacjoe_overflow_concentric_impassable,
          minmay_temple_entry_nine_rooms, uniq_pikel, uniq_grinder
D:6:      layout_basic, grunt_gozag_breadcrumbs,
          gammafunk_temple_overflow_forgotten, uniq_menkaure
D:7:      layout_gridville, mainiacjoe_overflow_big_doors
D:8:      layout_cave_pools, mainiacjoe_overflow_tiny_flanked, serial_shops,
          kennysheep_mini_moat, minivault_10, grunt_ministairs_8,
          minmay_ruffians
Temple:   hellmonk_temple_forest_ring

Skill      XL: |  1  2  3  4  5  6  7  8  9 10 |
---------------+-------------------------------+-----
Transmutations | 1 2 |  2.0
Earth Magic    | 4 5 6 7 10 | 10.0
Conjurations   | 1 2 3 4 5 6 8 |  8.0
Spellcasting   | 3 4 6 |  6.0
Fighting       | 4 5 |  5.3
Dodging        | 3 4 |  4.4
Stealth        | |  2.1

Action                     |  1- 3 |  4- 6 |  7- 9 | 10-12 || total
---------------------------+-------+-------+-------+-------++-------
  Melee: Dagger            |     3 |    11 |     2 |       ||    16
   Cast: Sandblast         |    36 |   128 |    81 |    21 ||   266
         Stone Arrow       |       |       |    51 |     7 ||    58
    Use: Scroll            |       |       |       |     6 ||     6
   Stab: Sleeping          |       |     5 |     1 |       ||     6
 Armour: Robe              |     7 |    22 |    18 |    32 ||    79
  Dodge: Dodged            |    21 |    50 |    23 |    53 ||   147

Action                     |  1- 3 |  4- 6 |  7- 9 | 10-12 || total
---------------------------+-------+-------+-------+-------++-------
  Melee: Dagger            |     3 |    11 |     2 |       ||    16
   Cast: Sandblast         |    36 |   128 |    81 |    21 ||   266
         Stone Arrow       |       |       |    51 |     7 ||    58
    Use: Scroll            |       |       |       |     6 ||     6
   Stab: Sleeping          |       |     5 |     1 |       ||     6
 Armour: Robe              |     7 |    22 |    18 |    32 ||    79
  Dodge: Dodged            |    21 |    50 |    23 |    53 ||   147
